 Dungeon Crawl Stone Soup version 0.27.1-3-gb3d3a73c9e (webtiles) character file.

Game seed: 2096044900116005699

46 Cykl0x the Chucker (level 3, -1/37 HPs)
             Began as an Ogre Hunter on Oct 10, 2021.
             Slain by Natasha (8 damage)
             ... on level 2 of the Dungeon.
             The game lasted 00:02:24 (1149 turns).

Cykl0x the Chucker (Ogre Hunter)                    Turns: 1149, Time: 00:02:24

Health: -1/37      AC:  4    Str: 17    XL:     3   Next: 68%
Magic:  3/3        EV:  9    Int: 12    God:
Gold:   44         SH:  0    Dex:  9    Spells: 2/2 levels left

rFire    . . .     SeeInvis .   a - +1 short sword
rCold    . . .     Faith    .   (no shield)
rNeg     . . .     Spirit   .   b - +1 robe
rPois    .         Reflect  .   (helmet restricted)
rElec    .         Harm     .   (no cloak)
rCorr    .         Rampage  .   (gloves unavailable)
Will     .....                  (boots unavailable)
Stlth    +.........             (no amulet)
HPRegen  0.12/turn              (no ring)
MPRegen  0.08/turn              (no ring)

@: lethally poisoned (-1 -> -5)
A: large, unfitting armour, tough skin 1
a: no special abilities


You were on level 2 of the Dungeon.
You visited 1 branch of the dungeon, and saw 2 of its levels.

You collected 44 gold pieces.

Inventory:

Hand Weapons
 a - a +1 short sword (weapon)
Missiles
 c - a large rock (quivered)
 e - 14 poisoned darts
 f - 29 stones
Armour
 b - a +1 robe (worn)


   Skills:
 + Level 3.0 Fighting
 + Level 0.4 Short Blades
 + Level 5.0 Throwing
 + Level 1.8 Dodging
 + Level 0.6 Stealth


You had 2 spell levels left.
You didn't know any spells.
Your spell library contained the following spells:

 Spells                   Type           Power      Damage    Failure   Level
 Malign Gateway           Summ/Tloc      0%         N/A       100%        7
 Summon Horrible Things   Summ           0%         N/A       100%        8


Dungeon Overview and Level Annotations

Branches:
Dungeon (2/15)

Altars:

Annotations:
D:2 Natasha


Innate Abilities, Weirdness & Mutations

You are too large for most types of armour.
You have tough skin. (AC +1)


Message History

The adder is severely wounded.
You feel sick.
Natasha, Servant of Life and Death comes into view.
The adder closely misses you.
You closely miss the adder.
The adder is severely wounded.
You feel sick. The adder bites you.
You are too injured to fight recklessly!
You are too injured to fight recklessly!
You are too injured to fight recklessly!
You are too injured to fight recklessly!
You are too injured to fight recklessly!
You closely miss the adder.
The adder is severely wounded.
You feel sick.
You are no longer poisoned.
Natasha hisses angrily.
The adder closely misses you. The adder bites you but does no damage.
An endoplasm comes into view.
You miss the adder.
The adder is severely wounded.
The adder barely misses you.
You hit the adder.
The adder is almost dead.
The adder bites you. The adder bites you but does no damage.
You barely miss the adder.
The adder is almost dead.
The adder barely misses you.
You barely miss the adder.
The adder is almost dead.
The adder barely misses you. Natasha claws you.
* * * LOW HITPOINT WARNING * * *
The adder bites you.
* * * LOW HITPOINT WARNING * * *
You are poisoned.
The adder poisons you!
You miss the adder.
The adder is almost dead.
You feel sick. The adder barely misses you. Natasha claws you!
You die...

... .##.#... #.#
#.##.#..### ###.#
#.##.#.... ....
#.##.#...#####
#####.###.##.#...##...
#.........##.#....#.##
#.#..........#...##.##
#(..S@(.....รท........#
#....h(.....#...###..#
.......J...............#
.(.......##.#####.####.#
...#...................#
............#####.###...
......#..##.. ... #.##
#........... ... #.# .#.
... #.#


You could see Natasha, an adder and an endoplasm.

Vanquished Creatures
  Natasha (D:2)
  A dart slug (D:1)
  A worm (D:2)
  3 endoplasms (D:1)
  A giant cockroach (D:1)
  2 goblins (D:1)
  A hobgoblin (D:1)
  A quokka (D:1)
  6 frilled lizards (D:1)
  2 kobolds (D:1)
19 creatures vanquished.

Notes
Turn   | Place    | Note
-------+----------+-------------------------------------------
     0 | D:1      | Cykl0x the Ogre Hunter began the quest for the Orb.
     0 | D:1      | Reached XP level 1. HP: 22/22 MP: 1/1
   195 | D:1      | Found a faded altar of an unknown god.
   361 | D:1      | Reached XP level 2. HP: 29/29 MP: 2/2
   811 | D:2      | Noticed Natasha
   824 | D:2      | HP: 1/29 [Natasha (3)]
   825 | D:2      | Killed Natasha
   826 | D:2      | Reached skill level 5 in Throwing
   826 | D:2      | Reached XP level 3. HP: 2/37 MP: 3/3
  1142 | D:2      | Noticed Natasha
  1149 | D:2      | Slain by Natasha

Illustrated notes

Levels and vault maps discovered:
D:1:      erik_arrival_triangle_small, layout_rooms,
          ebering_ecumenical_altar_webs, minmay_lizard_pond
D:2:      layout_basic, uniq_jessica, uniq_natasha

Skill      XL: |  1  2 |
---------------+-------+-----
Fighting       | 3 |  3.0
Throwing       | 5 |  5.0
Short Blades   | |  0.4
Dodging        | |  1.8
Stealth        | |  0.6

Action                   || total
-------------------------++-------
Melee: Short sword       ||    44
Throw: Large rock        ||    21
       Dart              ||     2
       Throwing net      ||     2
  Use: Scroll            ||     3
Armor: Robe              ||    11
Dodge: Dodged            ||    18
